 Dungeon Crawl Stone Soup version 0.31-a0-1074-g0b22e4e0f1 (webtiles) character file.

Game seed: 9441526000853412566

35356 LeprechaunX the Grappler (level 13, -2/124 HPs)
             Began as an Octopode Shapeshifter on Nov 27, 2023.
             Was a Priest of Hepliaklqana.
             Slain by a blink frog (9 damage)
             ... on level 4 of the Lair of Beasts.
             The game lasted 00:34:03 (16013 turns).

LeprechaunX the Grappler (Octopode Shapeshifter)   Turns: 16013, Time: 00:34:03

Health: -2/124     AC: 26    Str: 16    XL:     13   Next: 83%
Magic:  18/18      EV:  2    Int: 12    God:    Hepliaklqana [***...]
Gold:   988        SH:  0    Dex: 14    Spells: 17/19 levels left

rFire   . .          .
                       - Unarmed
rCold   . . .        (no shield)
rNeg    . . .        (helmet currently unavailable)
rPois   +            (no amulet)
rElec   .            h - ring of willpower
rCorr   .            w - +5 ring of evasion
SInv    .            I - ring of flight
Will    +....        (no ring)
Stlth   +            (no ring)
HPRegen 0.40/turn    (no ring)
MPRegen 0.16/turn    (no ring)
                     (no ring)

%: no passive effects
@: tree-form
A: stationary, stasis, torment immunity, boosted hp, reduced essence, almost no
armour, (amphibious), 8 rings, (camouflage 1), (gelatinous body 1), (nimble
swimmer 1), (tentacles)
a: Renounce Religion, Recall Ancestor, Ancestor Identity, Transference


You were on level 4 of the Lair of Beasts.
You worshipped Hepliaklqana.
Hepliaklqana was most pleased with you.
You were a tree.
You visited 3 branches of the dungeon, and saw 16 of its levels.
You also visited: Ossuary.

You collected 988 gold pieces.

Inventory:

Hand Weapons
 a - a +0 arbalest
 B - a +0 shortbow
Missiles
 d - 13 boomerangs (quivered)
 u - 2 throwing nets
Armour
 x - a +0 kite shield
Jewellery
 h - a ring of willpower (left branch)
 k - an amulet of faith
 w - a +5 ring of evasion (right branch)
 I - a ring of flight (on tentacle)
Talismans
 c - a flux talisman
 t - the beast talisman of the Moon (active) {Slay+3}
   (You found it on level 4 of the Dungeon)

   [beast talisman]

   Slay+3:    It affects your accuracy & damage with ranged weapons and melee
   (+3).
Wands
 b - a wand of light (7)
 i - a wand of roots (8)
 y - a wand of flame (24)
 z - a wand of mindburst (6)
 E - a wand of charming (6)
Scrolls
 e - 4 scrolls of enchant armour
 j - 4 scrolls of poison
 m - 3 scrolls of revelation
 n - 4 scrolls of teleportation
 s - 2 scrolls of immolation
 v - 3 scrolls of enchant weapon
 A - 3 scrolls of vulnerability
 C - 2 scrolls of amnesia
 H - 2 scrolls of blinking
 K - a scroll of fog
Potions
 f - a potion of might
 g - 2 potions of cancellation
 l - 8 potions of curing
 p - 2 potions of mutation
 q - 3 potions of brilliance
 r - 4 potions of attraction
 F - 2 potions of invisibility
 G - a potion of haste {unknown}
 L - a potion of enlightenment {unknown}
Miscellaneous
 D - a phial of floods


   Skills:
 + Level 10.7 Fighting
 - Level 3.0 Throwing
 + Level 10.9 Dodging
 + Level 11.2 Unarmed Combat
 + Level 3.8 Spellcasting
 + Level 4.0 Translocations
 + Level 4.4 Invocations
 + Level 7.1 Evocations
 + Level 10.2 Shapeshifting


You had 17 spell levels left.
You knew the following spells:

 Your Spells              Type           Power      Damage    Failure   Level
a - Blink                 Tloc           22%        N/A       7%          2

Your spell library contained the following spells:

 Spells                   Type           Power      Damage    Failure   Level
 Lesser Beckoning         Tloc           22%        N/A       7%          2
 Momentum Strike          Conj/Tloc      14%        3d8       16%         2
 Manifold Assault         Tloc           11%        N/A       41%         4
 Dazzling Flash           Conj/Hex       4%         N/A       56%         3
 Iskenderun's Mystic Bla  Conj/Tloc      7%         2d4       69%         4
 Agony                    Necr           2%         N/A       99%         5
 Silence                  Hex/Air        1%         N/A       99%         5


Dungeon Overview and Level Annotations

Branches:
Dungeon (11/15)            Temple (1/1) D:7            Lair (4/5) D:8
  Swamp (0/4) Lair:2       Spider (0/4) Lair:3      Ossuary (visited)
  Slime: Lair:4-5       Orc: D:9-12

Altars:
Ashenzari
Cheibriados
Elyvilon
Fedhas
Gozag
Hepliaklqana
Makhleb
Nemelex Xobeh
Okawaru
Qazlal
Ru
Sif Muna
Trog
Vehumet
Wu Jian
Xom
Yredelemnul
Zin
The Shining One

Shops:
D:2 :   D:9 (   D:10 *   D:11 :

Annotations:
D:5 1 runed translucent door, Crazy Yiuf
D:6 1 runed translucent door, Crabhammer's ghost, novice OpBr
D:11 Gastronok


Innate Abilities, Weirdness & Mutations

You are a tree.
Your roots penetrate the ground, keeping you stationary.
You cannot be teleported.
You are immune to unholy pain and torment.
Your maximum health is greatly increased.
Your life essence is reduced to manifest your ancestor. (-10% HP)
You cannot wear most types of armour.
((You are amphibious.))
You can wear up to eight rings at the same time.
((Your skin changes colour to match your surroundings (Stealth+).))
((Your rubbery body absorbs attacks. (AC +1, EV +1)))
((You are camouflaged when in or above water. (Stealth+)))
((You have tentacles for arms and can constrict up to eight enemies at once.))


Message History

The yak is moderately wounded.
The yak gores you but does no damage.
You pummel the yak!!
The yak is almost dead.
You closely miss the yak.
The yak is almost dead.
The yak gores you.
* * * LOW HITPOINT WARNING * * *
The blink frog blinks!
You smack the yak!
You kill the yak!
You completely miss the yak.
The blink frog blinks!
You closely miss the yak.
The blink frog blinks!
The yak gores you but does no damage.
You hit the yak.
The yak is lightly wounded.
The yak gores you.
* * * LOW HITPOINT WARNING * * *
You smack the yak!
The yak is heavily wounded.
The yak gores you but does no damage.
The blink frog blinks!
You pummel the yak!!
You kill the yak!
You smack the blink frog!
The blink frog is heavily wounded.
The blink frog blinks!
You swing at nothing.
You hit the yak.
The yak is lightly wounded.
The yak gores you but does no damage.
You pummel the yak!! You punch the yak.
You kill the yak!
Your Translocations skill increases to level 4!
You pummel the blink frog!!
You kill the blink frog!
You swing at nothing.
Milos emerges from the mists of memory!
You smack the blink frog!
The blink frog is heavily wounded.
The blink frog hits you!
You die...

#P #. #. P..
##. ... #..#
..# #..##..#
##.#.#..#
#..♣##..##
#.R#F#...###
##.##F....?# ##
#.P#?#...###.#
##..##..#......
#...#.#.P.....#
#............#
##P..#.#......
##.Y#........


You could see the friendly Milos the battlemage and 2 blink frogs.

Vanquished Creatures
  3 two-headed ogres
  A death yak (Lair:1)
  3 skeletal warriors (D:6)
  A skyshark (Lair:2)
  Pikel (D:4)
  A manticore (D:11)
  2 centaur zombies (D:10)
  3 elephants (D:8)
  A gargoyle (D:10)
  3 cane toads
  A rime drake (Lair:1)
  2 tyrant leeches (Lair:2)
  A troll (D:10)
  Grinder (D:5)
  15 blink frogs
  2 hornets
  A jumping spider (shapeshifter) (D:9)
  A shadow (D:10)
  2 wraiths (D:9)
  7 wyverns
  23 yaks
  A vampire (D:10)
  A steam dragon (D:9)
  Menkaure (D:5)
  A vampire mosquito (D:10)
  A basilisk (Lair:2)
  An acid dragon (D:9)
  9 water moccasins
  Duvessa (D:6)
  2 orc warriors
  An ice beast (D:5)
  3 sky beasts
  4 black bears
  4 wolves (Lair:3)
  2 ogres
  A centaur (D:8)
  A phantom (D:5)
  2 kobold brigands
  5 bullfrogs
  A gnoll sergeant (D:7)
  3 water moccasin zombies (Ossuary)
  5 scorpions
  6 wights
  Dowan (D:6)
  A howler monkey (D:4)
  5 electric eels
  A hound (D:4)
  6 orc priests
  2 jellies
  A gnoll bouda (D:5)
  11 orc wizards
  4 iguanas
  2 mummies (Ossuary)
  A howler monkey zombie (D:10)
  15 gnolls
  8 adders
  A shadow imp (D:5)
  A white imp (D:6)
  11 adder zombies (Ossuary)
  2 worms
  6 dart slugs
  27 orcs
  5 bats
  5 endoplasms
  6 giant cockroaches
  3 gnoll zombies (Ossuary)
  9 goblins
  6 hobgoblins
  5 jackals
  23 kobolds
  4 quokkas
  7 ball pythons
  3 frilled lizards
  2 hobgoblin zombies (Ossuary)
  6 kobold zombies (Ossuary)
  6 orc zombies (Ossuary)
  5 rats
  A rat zombie (D:4)
333 creatures vanquished.

Vanquished Creatures (collateral kills)
  A hydra (Lair:3)
  A boulder beetle (Lair:2)
  2 death yaks (Lair:2)
  A skyshark (Lair:2)
  2 elephants (Lair:1)
  2 centaur zombies (D:10)
  4 cane toads (Lair:1)
  3 black mambas
  2 rime drakes (Lair:2)
  3 komodo dragons
  2 trolls
  5 blink frogs
  A shadow (D:10)
  7 yaks
  A vampire (D:10)
  2 water elementals (D:11)
  2 wyverns
  2 basilisks (Lair:3)
  3 water moccasins
  An orc warrior (D:10)
  2 black bears (Lair:3)
  2 wolves (Lair:3)
  A kobold brigand (D:10)
  A bullfrog (Lair:3)
  An electric eel (Lair:2)
  A howler monkey zombie (D:10)
  3 orcs
58 creatures vanquished.

Vanquished Creatures (others)
  A slime creature (D:10)
  2 ancestors
  9 battlemagi
12 creatures vanquished.

Grand Total: 403 creatures vanquished

Notes
Turn   | Place    | Note
-------+----------+-------------------------------------------
     0 | D:1      | LeprechaunX the Octopode Shapeshifter began the quest for
                  | the Orb.
     0 | D:1      | Reached XP level 1. HP: 13/13 MP: 1/1
   226 | D:1      | Reached XP level 2. HP: 18/18 MP: 2/2
   534 | D:1      | Reached XP level 3. HP: 22/23 MP: 3/3
   961 | D:2      | Reached skill level 1 in Throwing
  1009 | D:2      | Reached XP level 4. HP: 21/29 MP: 4/4
  1348 | D:2      | Found a shimmering altar of Xom.
  1470 | D:2      | Found Ufaum's Book Boutique.
  2011 | D:3      | Reached XP level 5. HP: 32/34 MP: 5/5
  2644 | D:4      | Reached skill level 4 in Unarmed Combat
  2644 | D:4      | Reached XP level 6. HP: 15/41 MP: 6/6
  2718 | D:4      | Noticed Pikel
  2730 | D:4      | Killed Pikel
  2731 | D:4      | Reached skill level 5 in Unarmed Combat
  2731 | D:4      | Reached XP level 7. HP: 32/47 MP: 7/7
  2860 | D:4      | Found a sand-covered staircase.
  2867 | Ossuary  | Entered an ossuary
  2956 | Ossuary  | Reached XP level 8. HP: 40/54 MP: 8/8
  3248 | D:4      | Identified the beast talisman of the Moon {Slay+3}
  3425 | D:5      | Entered Level 5 of the Dungeon
  3435 | D:5      | Noticed Menkaure
  3440 | D:5      | Reached skill level 5 in Shapeshifting
  3445 | D:5      | Killed Menkaure
  3446 | D:5      | Reached skill level 5 in Dodging
  3742 | D:5      | Noticed Grinder
  3749 | D:5      | Killed Grinder
  3750 | D:5      | Reached skill level 6 in Unarmed Combat
  3779 | D:5      | Reached skill level 5 in Fighting
  3852 | D:5      | Reached XP level 9. HP: 52/61 MP: 9/9
  4185 | D:5      | Found a radiant altar of Vehumet.
  4566 | D:5      | Found a runed translucent door.
  4567 | D:5      | Noticed Crazy Yiuf
  4658 | D:6      | Noticed Duvessa
  4689 | D:6      | Noticed Dowan
  4761 | D:6      | Killed Duvessa
  4762 | D:6      | Reached skill level 7 in Unarmed Combat
  4762 | D:6      | Killed Dowan
  4803 | D:6      | Found a stormy altar of Qazlal.
  4910 | D:6      | Noticed a skeletal warrior
  4949 | D:6      | Noticed a skeletal warrior
  4996 | D:6      | Killed a skeletal warrior
  5085 | D:6      | Found a snail-covered altar of Cheibriados.
  5168 | D:6      | Killed a skeletal warrior
  5169 | D:6      | Reached XP level 10. HP: 69/69 MP: 10/10
  5198 | D:6      | Noticed a skeletal warrior
  5256 | D:6      | Killed a skeletal warrior
  5257 | D:6      | Reached skill level 8 in Unarmed Combat
  5641 | D:6      | Found a runed translucent door.
  5643 | D:6      | Noticed Crabhammer's ghost (novice OpBr)
  5785 | D:7      | Found a staircase to the Ecumenical Temple.
  5804 | Temple   | Entered the Ecumenical Temple
  5819 | Temple   | Became a worshipper of Hepliaklqana the Forgotten
  7488 | D:8      | Found a staircase to the Lair.
  7599 | D:8      | Reached * piety under Hepliaklqana
  7877 | D:9      | Noticed a two-headed ogre
  7887 | D:9      | Killed a two-headed ogre
  7888 | D:9      | Reached XP level 11. HP: 8/69 MP: 11/11
  8202 | D:9      | Noticed a two-headed ogre
  8209 | D:9      | Killed a two-headed ogre
  8210 | D:9      | Reached skill level 9 in Unarmed Combat
  8282 | D:9      | Found Giuluur's Weapon Shop.
  8282 | D:9      | Noticed a +0 great mace
  8328 | D:9      | Found an iron altar of Okawaru.
  8498 | D:9      | Reached skill level 1 in Evocations
  8800 | D:9      | Learned a level 2 spell: Blink
  8813 | D:10     | Entered Level 10 of the Dungeon
  8838 | D:10     | Reached ** piety under Hepliaklqana
  8839 | D:10     | Remembered your ancestor Milos as a battlemage
  8861 | D:10     | Found Foem's Neck Hole.
  9184 | D:10     | Found a white marble altar of Elyvilon.
  9442 | D:10     | Noticed a two-headed ogre
  9608 | D:10     | Noticed a boulder beetle
  9610 | D:10     | Noticed a boulder beetle
  9617 | D:10     | Identified the ring "Gyemaelim" {MP+9 EV+5 Str+3}
  9628 | D:11     | Found Peerch's Book Shop.
  9825 | D:11     | Noticed a manticore
  9830 | D:11     | Killed a manticore
  9982 | D:11     | Noticed Gastronok
 10048 | D:10     | Killed a two-headed ogre
 10140 | D:10     | Noticed a mana viper
 10147 | D:10     | a mana viper changed into a jumping spider
 10166 | D:9      | Reached XP level 12. HP: 23/76 MP: 12/12
 10717 | Lair:1   | Entered Level 1 of the Lair of Beasts
 10748 | Lair:1   | Reached skill level 10 in Unarmed Combat
 11221 | D:8      | Reached skill level 5 in Evocations
 11691 | Lair:1   | Reached skill level 10 in Dodging
 11807 | Lair:1   | Reached skill level 1 in Invocations
 11969 | Lair:1   | Reached skill level 1 in Spellcasting
 11969 | Lair:1   | Reached skill level 1 in Translocations
 12693 | Lair:2   | Noticed a death yak
 12708 | Lair:2   | Noticed a death yak
 12708 | Lair:2   | Noticed a death yak
 12708 | Lair:2   | Killed a death yak
 12713 | Lair:2   | Killed a death yak
 12714 | Lair:2   | Reached skill level 10 in Fighting
 12725 | Lair:1   | Killed a death yak
 12893 | Lair:2   | Reached XP level 13. HP: 56/82 MP: 14/16
 13169 | Lair:2   | Found a staircase to the Swamp.
 13169 | Lair:2   | Reached *** piety under Hepliaklqana
 14125 | Lair:2   | Reached skill level 10 in Shapeshifting
 14335 | Lair:2   | Reached skill level 11 in Unarmed Combat
 15098 | Lair:2   | Got the Thoughts on Distance
 15760 | Lair:3   | Found a hole to the Spider Nest.
 15942 | Lair:3   | You are sucked into a shaft and drop 1 floor!
 15979 | Lair:4   | HP: 3/83 [blink frog (15)]
 15993 | Lair:4   | HP: 4/83 [yak (17)]
 16000 | Lair:4   | HP: 6/124 [yak (1)]
 16013 | Lair:4   | Slain by a blink frog

Illustrated notes

Levels and vault maps discovered:
D:1:      dpeg_arrival_more_subterranean_lakeside_camping, layout_basic,
          chequers_arboretum, grunt_decor_junction
D:2:      layout_basic, serial_shops, shop, basic_altar, chequers_jeans,
          kennysheep_nondescript
D:3:      layout_basic, item_on_display_a
D:4:      layout_rooms, enter_ossuary_4, kennysheep_doodads, uniq_pikel
D:5:      layout_basic, mainiacjoe_overflow_chevrons, minmay_starry_boxes,
          uniq_menkaure, uniq_grinder, uniq_crazy_yiuf_cottage
D:6:      layout_basic, nicolae_qazlal_general_emergency, cheibriados_altar_1,
          ebering_ghost_inner_flame, uniq_duvessa
D:7:      layout_gridville, minmay_temple_entry_junction
D:8:      layout_rooms, lair_entry_dummy, hangedman_decor_lopped
D:9:      layout_basic, mainiacjoe_overflow_paths, serial_shops,
          nicolae_shop_mannequins, kennysheep_generic_room_14
D:10:     minmay_the_grid_triangle_9x9_rhombus_thin_mashed
          [minmay_the_grid_triangle_9x9_pentomino_pain,
          minmay_the_grid_triangle_9x9_prize_center,
          minmay_the_grid_triangle_9x9_from_above,
          minmay_the_grid_triangle_9x9_negative_grid], layout_long_grid,
          nicolae_overflow_crystal_walls, lemuel_doored_altar,
          mainiacjoe_overflow_big_doors, serial_undead, serial_undead_e,
          serial_undead_b, serial_undead_b, serial_undead_b, serial_undead_e,
          serial_undead_d, serial_undead_b, serial_undead_d, serial_undead_f,
          serial_undead_d, nicolae_shop_sticking_my_neck_out, uniq_harold
D:11:     layout_basic, orc_0_dummy, serial_shops, shop, water_maze_lemuel,
          uniq_gastronok
Temple:   jpeg_temple_clearing
Lair:1:   layout_cellular_growth, lemuel_fruit_tree
Lair:2:   layout_cave_pods, minmay_swamp_entry_worms, serial_bayou_shore_a,
          grunt_megastairs_3
Lair:3:   dreamdust_cave_troll, layout_gridlike, spider_nest_entry_web_field,
          beast_lair_carwin_3
Lair:4:   layout_loops_ring, basic_altar

Skill      XL: |  1  2  3  4  5  6  7  8  9 10 11 12 13 |
---------------+----------------------------------------+-----
Throwing       | 1 2 3 |  3.0
Fighting       | 2 3 5 6 8 9 10 | 10.7
Dodging        | 3 4 5 7 8 9 10 | 10.9
Unarmed Combat | 4 5 6 7 8 9 10 11 | 11.2
Shapeshifting  | 4 5 7 9 10 | 10.2
Evocations     | 4 6 7 |  7.1
Invocations    | 2 4 |  4.4
Spellcasting   | 2 3 |  3.8
Translocations | 2 4 |  4.0

Action                     |  1- 3 |  4- 6 |  7- 9 | 10-12 | 13-15 || total
---------------------------+-------+-------+-------+-------+-------++-------
  Melee: Unarmed           |    65 |   103 |   207 |   288 |   144 ||   807
         Constrict         |    17 |    29 |    60 |    44 |    24 ||   174
         Tentacles         |     8 |    23 |    51 |    75 |    36 ||   193
         Punch             |     1 |     2 |    13 |    22 |    13 ||    51
   Fire: Arbalest          |       |       |       |    78 |    45 ||   123
  Throw: Boomerang         |       |       |    87 |    35 |       ||   122
 Invoke: Ancestor Life: Ba |       |       |       |     1 |       ||     1
         Recall Ancestor   |       |       |       |     3 |     2 ||     5
    Use: Potion            |       |     1 |       |     6 |     2 ||     9
         Scroll            |       |       |     9 |     8 |     5 ||    22
   Stab: Sleeping          |     5 |     6 |     6 |     4 |       ||    21
         Distracted        |       |       |     1 |     4 |     1 ||     6
 Armour: Skin              |    25 |    39 |    60 |   216 |    67 ||   407
  Dodge: Dodged            |    23 |    51 |   100 |   253 |   106 ||   533
   Form: Beast             |       |       |     1 |       |       ||     1

Table legend: (Time is in decaauts)
 A = Elapsed time spent in this place.
 B = Non-inter-level travel time spent in this place.
 C = Inter-level travel time spent in this place.
 D = Time resting spent in this place.
 E = Time spent auto-exploring this place.
 F = Levels seen in this place.
 G = Mean time per level.
                   A        B        C        D        E       F      G
               +--------+--------+--------+--------+--------+-----+--------+
         Total |  16016 |  15468 |    548 |   4614 |   7997 |  17 |  942.1 |
       Dungeon |  11046 |  10558 |    488 |   3098 |   5430 |  11 | 1004.2 |
        Temple |     30 |      2 |     28 |      0 |      0 |   1 |   30.0 |
          Lair |   4704 |   4672 |     32 |   1516 |   2448 |   4 | 1176.0 |
       Ossuary |    235 |    235 |      0 |      0 |    119 |   1 |  235.0 |
               +--------+--------+--------+--------+--------+-----+--------+

Top non-repeatable levels by time:
  Lair:2: 2463 daAuts
     D:6: 1589 daAuts
     D:9: 1587 daAuts
  Lair:1: 1528 daAuts
     D:8: 1235 daAuts
     D:5: 1202 daAuts
    D:10: 950 daAuts
     D:1: 924 daAuts
     D:2: 924 daAuts
     D:7: 906 daAuts
     D:3: 751 daAuts
  Lair:3: 650 daAuts
     D:4: 565 daAuts
    D:11: 407 daAuts
 Ossuary: 235 daAuts
